 Dungeon Crawl Stone Soup version 0.31-a0-532-g28f74ba3e5 (webtiles) character file.

Game seed: 6920582506799641238

1540 pokeman the Thaumaturge (level 8, -1/44 HPs)
             Began as a Deep Elf Hedge Wizard on Aug 12, 2023.
             Slain by an ufetubus (3 damage)
             ... on level 7 of the Dungeon.
             The game lasted 00:11:27 (7688 turns).

pokeman the Thaumaturge (Deep Elf Hedge Wizard)     Turns: 7688, Time: 00:11:28

Health: -1/44      AC:  6    Str:  7    XL:     8   Next: 56%
Magic:  1/23       EV: 14    Int: 22    God:
Gold:   369        SH:  0    Dex: 23    Spells: 14/26 levels left

rFire   . . .        w - +6 dagger "Abboal" {heavy, rC++ Will+ Dex+9 Stlth-}
rCold   + + .        (no shield)
rNeg    . . .        b - +0 robe
rPois   .            z - +1 helmet
rElec   .            f - +0 cloak
rCorr   .            (no gloves)
SInv    .            t - +0 pair of boots
Will    +....        (no amulet)
Stlth   ++           (no ring)
HPRegen 0.27/turn    (no ring)
MPRegen 0.18/turn

%: no passive effects
@: no status effects
A: no striking features
a: no special abilities


You were on level 7 of the Dungeon.
You visited 1 branch of the dungeon, and saw 7 of its levels.
You also visited: Sewer.

You collected 369 gold pieces.

Inventory:

Hand Weapons
 w - the +6 dagger "Abboal" (weapon) {heavy, rC++ Will+ Dex+9 Stlth-}
   (You found it on level 5 of the Dungeon)

   Dex+9:     It affects your dexterity (+9).
   rC++:      It greatly protects you from cold.
   Will+:     It increases your willpower.
   Stlth-:    It makes you less stealthy.
 A - a +0 dagger of electrocution
Armour
 b - a +0 robe (worn)
 f - a +0 cloak (worn)
 t - a +0 pair of boots (worn)
 z - a +1 helmet (worn)
Wands
 c - a wand of mindburst (12)
Scrolls
 a - 2 scrolls of butterflies {unknown}
 g - a scroll of vulnerability {unknown}
 i - 3 scrolls of enchant weapon {unknown}
 j - 2 scrolls of blinking {unknown}
 m - a scroll of teleportation {unknown}
 o - 2 scrolls of fog {unknown}
 q - 8 scrolls of identify {unknown}
 s - a scroll of immolation {unknown}
 u - 2 scrolls of noise {unknown}
 y - a scroll of poison {unknown}
Potions
 d - 2 potions of magic
 e - 3 potions of lignification {unknown}
 h - 2 potions of degeneration {unknown}
 k - a potion of invisibility {unknown}
 l - a potion of brilliance {unknown}
 n - a potion of might {unknown}
 p - 3 potions of ambrosia {unknown}
 r - 2 potions of resistance {unknown}
 v - 3 potions of curing {unknown}
 x - a potion of attraction {unknown}


   Skills:
 - Level 2.0 Fighting
 + Level 2.8 Armour
 - Level 3.0 Dodging
 - Level 3.0 Stealth
 * Level 9.9 Spellcasting
 + Level 5.1 Conjurations
 - Level 1.1 Summonings
 + Level 4.4 Necromancy
 - Level 1.1 Translocations
 - Level 1.2 Air Magic
 - Level 1.0 Poison Magic
 - Level 1.1 Evocations


You had 14 spell levels left.
You knew the following spells:

 Your Spells              Type           Power      Damage    Failure   Level
a - Magic Dart            Conj           100%       1d8       1%          1
b - Mephitic Cloud        Conj/Pois/Air  21%        N/A       7%          3
c - Call Imp              Summ           30%        N/A       6%          2
d - Blink                 Tloc           30%        N/A       6%          2
e - Dispel Undead         Necr           30%        3d14      10%         4

Your spell library contained the following spells:

 Spells                   Type           Power      Damage    Failure   Level
 Necrotise                Necr           100%       1d9       1%          1
 Apportation              Tloc           30%        N/A       3%          1
 Summon Small Mammal      Summ           60%        N/A       3%          1
 Cigotuvi's Dreadful Rot  Necr/Pois/Air  40%        N/A       3%          2
 Slow                     Hex            40%        N/A       6%          1
 Lesser Beckoning         Tloc           30%        N/A       6%          2
 Ensorcelled Hibernation  Hex/Ice        20%        N/A       10%         2
 Gell's Gravitas          Tloc           15%        N/A       12%         3
 Teleport Other           Tloc           15%        N/A       12%         3
 Summon Guardian Golem    Hex/Summ       13%        N/A       14%         3
 Anguish                  Hex/Necr       10%        N/A       24%         4
 Borgnjor's Vile Clutch   Necr/Erth      10%        N/A       56%         5
 Orb of Destruction       Conj           16%        9d7       99%         7
 Ozocubu's Refrigeration  Ice            5%         4d8       100%        7
 Spellforged Servitor     Conj/Summ      12%        N/A       100%        7


Dungeon Overview and Level Annotations

Branches:
Dungeon (7/15)              Sewer (visited)
 Temple: D:4-7

Altars:
Hepliaklqana
Yredelemnul
Zin
The Shining One

Shops:
D:4 *

Annotations:
D:1 Loot behind rock


Message History

Orders for allies: a - Attack new target. r - Retreat! s - Stop attacking. g - Guard the area. f - Follow me.
Anything else - Cancel.
Gang up on whom?
Press: ? - help, Dir - move target, f - water moccasin
Aim: a water moccasin Attack!
Your cerulean imp completely misses the water moccasin.
Okay, then.
Unknown command.
Casting: Call Imp (safe; 6% risk of failure)
Confirm with . or Enter, or press ? or * to list all spells.
You don't have enough magic to cast this spell.
The water moccasin closely misses your cerulean imp.
Your cerulean imp hits the water moccasin with a -3 spear.
The water moccasin misses your cerulean imp.
The ufetubus hits you but does no damage.
The ufetubus hits you.
* * * LOW HITPOINT WARNING * * *
The water moccasin closely misses your cerulean imp.
Your cerulean imp completely misses the water moccasin.
The ufetubus closely misses you. The ufetubus misses you.
You closely miss the ufetubus.
The water moccasin barely misses your cerulean imp.
The ufetubus misses you. x2
Your cerulean imp hits the water moccasin but does no damage.
The water moccasin barely misses your cerulean imp.
The ufetubus misses you. The ufetubus barely misses you.
Unknown command.
You hit the ufetubus.
The ufetubus is heavily wounded.
The water moccasin closely misses your cerulean imp.
The ufetubus hits you.
* * * LOW HITPOINT WARNING * * *
The ufetubus closely misses you.
Your cerulean imp hits the water moccasin with a -3 spear.
The water moccasin bites your cerulean imp!
The ufetubus hits you.
You die...

.#..... .....#
.....# ##....#####
......... #......
#.5#.##### #.#.
#.@.......
.#.####.#.#####
...# #.# # ... #..#
#5# .... #..# #S#
.....#..###.#.####
..................
####.##..##.#.####.
..........#.#.#


You could see a water moccasin (ally target), an ufetubus and a friendly
cerulean imp (summoned).

Vanquished Creatures
  2 black bears (D:6)
  A phantom (D:4)
  A kobold brigand (D:6)
  4 bullfrogs
  2 scorpions (D:5)
  6 hounds
  3 orc priests
  A sleepcap (D:4)
  Natasha (thrice) (D:3)
  2 iguanas
  4 orc wizards
  13 adders
  3 shadow imps (D:5)
  4 white imps (D:6)
  3 ufetubi
  A worm (D:2)
  2 dart slugs (D:2)
  18 orcs
  6 endoplasms
  10 giant cockroaches
  4 goblins
  9 hobgoblins
  2 jackals (D:2)
  6 quokkas
  4 ball pythons
  5 bats
  8 frilled lizards
  11 kobolds
  6 rats
144 creatures vanquished.

Vanquished Creatures (collateral kills)
  A sleepcap (D:5)
1 creature vanquished.

Grand Total: 145 creatures vanquished

Notes
Turn   | Place    | Note
-------+----------+-------------------------------------------
     0 | D:1      | pokeman the Deep Elf Hedge Wizard began the quest for the
                  | Orb.
     0 | D:1      | Reached XP level 1. HP: 10/10 MP: 7/7
   380 | D:1      | Reached XP level 2. HP: 16/16 MP: 0/9
  1321 | D:2      | Reached skill level 5 in Spellcasting
  1321 | D:2      | Reached XP level 3. HP: 14/20 MP: 3/11
  1327 | D:2      | Learned a level 3 spell: Mephitic Cloud
  1330 | D:2      | Learned a level 2 spell: Call Imp
  1333 | D:2      | Learned a level 2 spell: Blink
  1619 | D:2      | Reached skill level 1 in Fighting
  1619 | D:2      | Reached skill level 1 in Armour
  2281 | D:2      | Found a faded altar of an unknown god.
  2287 | D:2      | Reached XP level 4. HP: 24/25 MP: 8/13
  2791 | D:3      | Noticed Natasha
  2798 | D:3      | Killed Natasha
  2810 | D:3      | Noticed Natasha
  2818 | D:3      | Killed Natasha
  2819 | D:3      | Reached skill level 6 in Spellcasting
  2819 | D:3      | Reached XP level 5. HP: 12/29 MP: 2/15
  3283 | D:3      | Got the Almanac of Ice and Nightshade
  3287 | D:3      | Noticed Natasha
  3293 | D:3      | Killed Natasha
  3500 | D:3      | Reached skill level 1 in Poison Magic
  3710 | D:3      | Found a hazy altar of Hepliaklqana.
  3759 | D:4      | Found Heudekk's Neck Hole.
  3915 | D:4      | Noticed a phantom
  3935 | D:4      | Killed a phantom
  3936 | D:4      | Reached skill level 1 in Air Magic
  3936 | D:4      | Reached XP level 6. HP: 16/34 MP: 0/17
  3941 | D:4      | Learned a level 4 spell: Dispel Undead
  4288 | D:4      | Reached skill level 7 in Spellcasting
  4302 | D:4      | Reached skill level 1 in Necromancy
  5094 | D:5      | Entered Level 5 of the Dungeon
  5255 | D:5      | Found a basalt altar of Yredelemnul.
  5261 | D:5      | Reached XP level 7. HP: 30/39 MP: 17/20
  5268 | D:5      | Found a glowing silver altar of Zin.
  5286 | D:5      | Reached skill level 8 in Spellcasting
  5660 | D:5      | Identified the +6 dagger "Abboal" {heavy, rC++ Will+ Dex+9
                  | Stlth-}
  5699 | D:5      | Found a glowing golden altar of the Shining One.
  6163 | D:6      | Reached XP level 8. HP: 24/44 MP: 8/22
  6182 | D:6      | Reached skill level 9 in Spellcasting
  6212 | D:6      | Found a glowing drain.
  6291 | Sewer    | Entered a sewer
  7385 | D:6      | Reached skill level 5 in Conjurations
  7405 | D:6      | Reached skill level 1 in Evocations
  7668 | D:7      | HP: 1/44 [water moccasin (5)]
  7686 | D:7      | HP: 2/44 [ufetubus (4)]
  7688 | D:7      | Slain by an ufetubus

Illustrated notes

Levels and vault maps discovered:
D:1:      heliophobic_arrival_henge, layout_basic, serial_glass,
          glass_columns_c, glass_columns_a, glass_columns_c, glass_columns_b,
          glass_columns_a, glass_columns_b, glass_columns_a, glass_columns_a,
          glass_columns_a, glass_columns_b, due_unseen_surprise,
          item_on_display_a, item_on_display_a, minmay_strange_pillars
D:2:      layout_rooms, dreamdust_ecumenical_altar_hidden_monk_grotto,
          ebering_dispersal_statue_hall, wad_orctagon
D:3:      minmay_chambers_of_threes, layout_loops_ring,
          worldfamousw_hep_ancestral_shrine, uniq_natasha
D:4:      layout_layer_cave, nicolae_shop_sticking_my_neck_out
D:5:      layout_basic, tso_metal_star, mainiacjoe_overflow_catwalk_spiral
D:6:      layout_gridville, portal_sewer_entry_f
D:7:      cheibrodos_quashed, layout_basic, minmay_temple_entry_proselytizer,
          serial_shops, nicolae_shop_competitors_out_of_business,
          kennysheep_generic_room_7

Skill      XL: |  1  2  3  4  5  6  7  8 |
---------------+-------------------------+-----
Spellcasting   | 5 6 7 8 9 |  9.9
Fighting       | 1 2 |  2.0
Armour         | 1 2 |  2.8
Conjurations   | 2 3 4 5 |  5.1
Dodging        | 3 |  3.0
Stealth        | 3 |  3.0
Poison Magic   | 1 |  1.0
Air Magic      | 1 |  1.2
Necromancy     | 1 3 4 |  4.4
Evocations     | 1 |  1.1
Summonings     | |  1.1
Translocations | |  1.1

Action                     |  1- 3 |  4- 6 |  7- 9 || total
---------------------------+-------+-------+-------++-------
  Melee: Dagger            |     3 |       |    36 ||    39
         Hand axe          |       |    35 |     7 ||    42
         Punch             |       |     1 |     2 ||     3
   Cast: Magic Dart        |   121 |   146 |   140 ||   407
         Mephitic Cloud    |       |     3 |    17 ||    20
         Call Imp          |       |     3 |     2 ||     5
         Blink             |       |       |     3 ||     3
   Stab: Confused          |       |     3 |     6 ||     9
         Distracted        |       |     1 |       ||     1
 Armour: Robe              |     4 |    10 |    23 ||    37
  Dodge: Dodged            |    18 |    53 |    62 ||   133

Table legend: (Time is in decaauts)
 A = Elapsed time spent in this place.
 B = Non-inter-level travel time spent in this place.
 C = Inter-level travel time spent in this place.
 D = Time resting spent in this place.
 E = Time spent auto-exploring this place.
 F = Levels seen in this place.
 G = Mean time per level.
                   A        B        C        D        E       F      G
               +--------+--------+--------+--------+--------+-----+--------+
         Total |   7801 |   7632 |    169 |     38 |   6521 |   8 |  975.1 |
       Dungeon |   7047 |   6878 |    169 |     38 |   5859 |   7 | 1006.7 |
         Sewer |    754 |    754 |      0 |      0 |    662 |   1 |  754.0 |
               +--------+--------+--------+--------+--------+-----+--------+

Top non-repeatable levels by time:
     D:4: 1364 daAuts
     D:3: 1293 daAuts
     D:2: 1235 daAuts
     D:1: 1217 daAuts
     D:5: 977 daAuts
     D:6: 900 daAuts
   Sewer: 754 daAuts
     D:7: 58 daAuts
